 Dungeon Crawl Stone Soup version 0.30-a0-723-gc1506a1cf0 (webtiles) character file.

Game seed: 310660885583428735

378 gelatine the Gusty (level 6, -5/40 HPs)
             Began as a Demonspawn Air Elementalist on Jan 28, 2023.
             Slain by Edmund
             ... wielding a +3 flail of protection
              (13 damage)
             ... on level 4 of the Dungeon.
             The game lasted 00:07:40 (3682 turns).

gelatine the Gusty (Demonspawn Air Elementalist)    Turns: 3682, Time: 00:07:41

Health: -5/40      AC:  6    Str:  9    XL:     6   Next: 45%
Magic:  7/10       EV: 12    Int: 18    God:
Gold:   156        SH:  0    Dex: 13    Spells: 9/10 levels left

rFire   . . .      SeeInvis +    r - +0 rapier
rCold   . . .      Faith    .    (no shield)
rNeg    . . .      Spirit   .    a - +0 robe
rPois   .          Reflect  .    (helmet restricted)
rElec   .          Harm     .    (no cloak)
rCorr   .          Rampage  .    q - +0 pair of gloves
Will    .....                    k - +0 pair of boots
Stlth   ++                       (no amulet)
HPRegen 0.26/turn                m - ring of see invisible
MPRegen 0.12/turn                (no ring)

@: attractive, very slightly contaminated
A: antennae 1, thin metallic scales 1, powered by death 1, demonic magic 1,
frail 1
a: no special abilities


You were on level 4 of the Dungeon.
You visited 1 branch of the dungeon, and saw 4 of its levels.

You collected 156 gold pieces.

Inventory:

Hand Weapons
 d - a +0 trident
 n - a +3 heavy hand axe
 r - a +0 rapier (weapon)
Armour
 a - a +0 robe (worn)
 k - a +0 pair of boots (worn)
 q - a +0 pair of gloves (worn)
Jewellery
 m - a ring of see invisible (left hand)
Scrolls
 c - 2 scrolls of fear {unknown}
 e - 2 scrolls of magic mapping {unknown}
 f - 2 scrolls of identify {unknown}
 i - 3 scrolls of enchant weapon {unknown}
 j - 3 scrolls of teleportation {unknown}
 l - a scroll of enchant armour {unknown}
 o - 2 scrolls of blinking {unknown}
 p - a scroll of poison {unknown}
Potions
 b - a potion of magic
 h - a potion of attraction


   Skills:
 * Level 2.3 Fighting
 + Level 1.2 Polearms
 * Level 2.7 Dodging
 + Level 2.5 Stealth
 + Level 2.6 Spellcasting
 * Level 3.0 Conjurations
 * Level 4.0 Air Magic


You had 9 spell levels left.
You knew the following spells:

 Your Spells              Type           Power      Damage    Failure   Level
a - Shock                 Conj/Air       60%        1d6       4%          1

Your spell library contained the following spells:

 Spells                   Type           Power      Damage    Failure   Level
 Static Discharge         Conj/Air       30%        2-4/arc   6%          2
 Swiftness                Air            17%        N/A       10%         3
 Airstrike                Air            8%         2d(2-18)  30%         4


Dungeon Overview and Level Annotations

Branches:
Dungeon (4/15)             Temple (0/1) D:4

Altars:
Ashenzari
Makhleb
Okawaru

Annotations:
D:4 Edmund


Innate Abilities, Weirdness & Mutations

You have a pair of small antennae on your head.
You are partially covered in thin metallic scales. (AC +2)
You regenerate a little health from kills.
Spells you cast may paralyse adjacent enemies.
You are frail. (-10% HP)


Message History

You can't do that in your present form.
You fly upwards.
There is a stone staircase leading down here.
Your transformation is almost over.
Magic restored.
You feel less batty.
Your +0 rapier unmelds from your body.
Your +0 pair of gloves unmelds from your body.
Your +0 pair of boots unmelds from your body.
Your +0 robe unmelds from your body.
Your ring of see invisible unmelds from your body.
You climb downwards.
Level annotation: Edmund Edmund hits you with a +3 flail of protection!
There is a stone staircase leading up here.
The zap hits Edmund but does no damage.
Edmund is moderately wounded.
The zap hits Edmund.
Edmund is moderately wounded.
Malevolent energies surge around you.
Edmund hits you with a +3 flail of protection.
The zap misses Edmund.
The zap hits Edmund.
Edmund is heavily wounded.
Malevolent energies surge around you.
Edmund hits you with a +3 flail of protection.
You miscast Shock.
You are very lightly contaminated with residual magic.
Nothing appears to happen.
Edmund hits you with a +3 flail of protection!
You are too injured to fight recklessly!
It was a potion of attraction.
You feel attractive to monsters.
Edmund hits you with a +3 flail of protection.
Okay, then.
You barely miss Edmund.
Edmund is moderately wounded.
Edmund hits you with a +3 flail of protection.
* * * LOW HITPOINT WARNING * * *
Edmund hits you with a +3 flail of protection!
You die...

..# #........ # ..# ##.###### .
..# ######.......# #.#
.######...##.......###.###
..........................
######...................#
#......@............##.#.#
#.###...............##.#.#
#.###.##.##.....@@..##.#.#
#@#.#....................#
...#..##......≈≈≈≈≈......#
............≈≈≈≈≈≈≈≈≈....##
#.#.#.##..≈≈≈≈≈≈≈≈≈≈≈≈≈...##
#.#.#.##.≈≈≈≈≈≈≈≈≈≈≈≈≈≈≈...######
..#.#.##.≈≈≈≈≈≈...≈≈≈≈≈≈.........
#.#.#.##.≈≈≈≈≈≈.>.≈≈≈≈≈≈..#######
#.#.#.##.≈≈≈≈≈~...≈≈≈≈≈≈..#


You could see Edmund.

Vanquished Creatures
  Eustachio (D:4)
  A necrophage (D:4)
  A hound (D:4)
  Jessica (D:2)
  7 adders
  2 dart slugs
  2 orcs (D:3)
  6 endoplasms
  2 giant cockroaches
  9 goblins
  3 hobgoblins
  5 jackals
  3 kobolds
  2 quokkas (D:1)
  4 ball pythons
  2 bats
  2 frilled lizards
  3 rats
56 creatures vanquished.

Vanquished Creatures (others)
  19 plants (D:4)
19 creatures vanquished.

Grand Total: 75 creatures vanquished

Notes
Turn   | Place    | Note
-------+----------+-------------------------------------------
     0 | D:1      | gelatine the Demonspawn Air Elementalist began the quest
                  | for the Orb.
     0 | D:1      | Reached XP level 1. HP: 13/13 MP: 3/3
   385 | D:1      | Gained mutation: Spells you cast may paralyse adjacent
                  | enemies. [demonic ancestry]
   385 | D:1      | Reached XP level 2. HP: 20/20 MP: 0/5
   525 | D:1      | Reached skill level 3 in Air Magic
  1070 | D:3      | Reached XP level 3. HP: 20/25 MP: 2/6
  1310 | D:3      | Reached skill level 1 in Fighting
  1493 | D:3      | Found a broken altar of Ashenzari.
  1880 | D:2      | Found a burning altar of Makhleb.
  1981 | D:2      | Gained mutation: You regenerate a little health from kills.
                  | [demonic ancestry]
  1981 | D:2      | Reached XP level 4. HP: 32/32 MP: 3/7
  2045 | D:2      | Noticed Jessica
  2059 | D:2      | Gained mutation: You are frail. (-10% HP) [potion of
                  | mutation]
  2065 | D:2      | Killed Jessica
  2523 | D:3      | Found an iron altar of Okawaru.
  3048 | D:4      | Gained mutation: You are partially covered in thin metallic
                  | scales. (AC +2) [demonic ancestry]
  3048 | D:4      | Reached XP level 5. HP: 34/34 MP: 3/8
  3287 | D:4      | Found a staircase to the Ecumenical Temple.
  3295 | D:4      | Reached skill level 1 in Polearms
  3447 | D:4      | Noticed Eustachio
  3462 | D:4      | Killed Eustachio
  3463 | D:4      | Reached skill level 4 in Air Magic
  3463 | D:4      | Gained mutation: You have a pair of small antennae on your
                  | head. [demonic ancestry]
  3463 | D:4      | Reached XP level 6. HP: 22/40 MP: 1/9
  3539 | D:4      | Noticed Edmund
  3682 | D:4      | Slain by Edmund

Illustrated notes

Levels and vault maps discovered:
D:1:      eino_arrival_druids_welcome, layout_loops_cross, minivault_27,
          minmay_fountain_box
D:2:      layout_basic, basic_altar, uniq_jessica
D:3:      layout_basic, kennysheep_okawaru_gauntlet, nicolae_ashenzari_skybound
D:4:      layout_loops_ring, nicolae_hepliaklqana_hazy_memory, temple_pool_b,
          uniq_edmund, uniq_grinder, uniq_eustachio

Skill      XL: |  1  2  3  4  5 |
---------------+----------------+-----
Air Magic      | 3 4 |  4.0
Stealth        | 2 |  2.5
Dodging        | 2 |  2.7
Fighting       | 1 2 |  2.3
Conjurations   | 2 3 |  3.0
Polearms       | 1 |  1.2
Spellcasting   | |  2.6

Action                     |  1- 3 |  4- 6 || total
---------------------------+-------+-------++-------
  Melee: Trident           |    11 |    44 ||    55
         Hand axe          |       |     4 ||     4
         Rapier            |       |    13 ||    13
   Cast: Shock             |    76 |    81 ||   157
    Use: Potion            |       |     6 ||     6
   Stab: Paralysed         |     2 |    13 ||    15
         Sleeping          |       |     1 ||     1
 Armour: Robe              |     1 |    29 ||    30
         Skin              |       |     2 ||     2
  Dodge: Dodged            |    15 |    64 ||    79

Table legend: (Time is in decaauts)
 A = Elapsed time spent in this place.
 B = Non-inter-level travel time spent in this place.
 C = Inter-level travel time spent in this place.
 D = Time resting spent in this place.
 E = Time spent auto-exploring this place.
 F = Levels seen in this place.
 G = Mean time per level.
                   A        B        C        D        E       F      G
               +--------+--------+--------+--------+--------+-----+--------+
         Total |   3698 |   3601 |     97 |      0 |   3066 |   4 |  924.5 |
       Dungeon |   3698 |   3601 |     97 |      0 |   3066 |   4 |  924.5 |
               +--------+--------+--------+--------+--------+-----+--------+

Top non-repeatable levels by time:
     D:3: 1347 daAuts
     D:1: 1025 daAuts
     D:2: 730 daAuts
     D:4: 595 daAuts
